 Dungeon Crawl Stone Soup version 0.18-a0-73-g76764e3 (console) character file.

147 Proton the Shield-Bearer (level 5, -2/49 HPs)
             Began as a Deep Dwarf Fighter on Nov 11, 2015.
             Killed by divine providence
             ... invoked by an orc priest
              (13 damage)
             ... on level 3 of the Dungeon.
             The game lasted 00:21:12 (1812 turns).

Proton the Shield-Bearer (Deep Dwarf Fighter)       Turns: 1812, Time: 00:21:12

Health: -2/49      AC:  8    Str: 21    XL:     5   Next: 8%
Magic:  5/5        EV:  7    Int:  8    God:
Gold:   53         SH:  9    Dex: 12    Spells: 0 memorised, 4 levels left

rFire  . . .     SeeInvis .     a - +0 war axe
rCold  . . .     Clarity  .     b - +0 scale mail
rNeg   . . .     SustAt   .     c - +0 shield
rPois  .         Gourm    .     i - +0 helmet
rElec  .         Spirit   .     (no cloak)
rCorr  .         Warding  .     (no gloves)
rMut   .         Stasis   .     (no boots)
MR     .....                    (no amulet)
Stlth  ..........               (no ring)
                                (no ring)

@: non-regenerating, not resistant to hostile enchantments, extremely unstealthy
A: damage resistance, recharge devices, sense surroundings 1, slow regeneration
3
a: Device Recharging


You were on level 3 of the Dungeon.
You were not hungry.

You visited 1 branch of the dungeon, and saw 3 of its levels.

You collected 53 gold pieces.

Inventory:

Hand Weapons
 a - a +0 war axe (weapon)
Missiles
 p - 5 tomahawks (quivered)
Armour
 b - a +0 scale mail (worn)
 c - a +0 shield (worn)
 i - a +0 helmet (worn)
Wands
 e - a wand of heal wounds (4)
Scrolls
 g - 3 scrolls of enchant armour {unknown}
 h - a scroll of blinking {unknown}
 j - a scroll of teleportation {unknown}
 k - 3 scrolls of identify {unknown}
 n - a scroll of recharging {unknown}
 r - 2 scrolls of remove curse
 t - a scroll of magic mapping {unknown}
Potions
 d - 2 potions of might
 l - a potion of mutation {unknown}
 q - a potion of agility {unknown}
 u - a potion of degeneration {unknown}
Comestibles
 f - 2 bread rations
 m - a meat ration
 o - 3 fruits
 s - a royal jelly


   Skills:
 + Level 3.6 Fighting
 + Level 3.2 Axes
 + Level 4.1 Armour
 + Level 4.3 Shields


You had 4 spell levels left.
You didn't know any spells.

Dungeon Overview and Level Annotations

Branches:
Dungeon (3/15)

Altars:
Trog
Yredelemnul


Innate Abilities, Weirdness & Mutations

You are resistant to damage.
You can recharge devices by infusing magical energy.
You passively map a small area around you.
You do not regenerate naturally.


Message History

Done exploring.
Done exploring.
There is a stone staircase leading down here.
You climb downwards.
There is a stone staircase leading up here.
The orc shouts!
The orc is too close now for your liking.
You closely miss the orc.
The orc hits you with a dagger of protection.
You closely miss the orc.
The orc priest mumbles some strange prayers to Beogh against you.
Something smites you!
* * * LOW HITPOINT WARNING * * *
The orc hits you with a dagger of protection.
Your shield and scale mail prevent you from hitting the orc.
You block the orc's attack. The orc priest closely misses you.
You hit the orc but do no damage. You block the orc's attack.
The orc priest mumbles some strange prayers to Beogh against you.
Something smites you!
You die...

###.. ######### #....
#.......# #.##. #.#####.#
#.##. #.# #.# #.##.
###### #.# #.# #.###
#..... #.# #.# #.#.#
#.....###.#####.#####..#.
#.....†o@.............###
#.....o###############.#.
#......# ###.# #.#.##†# *
#.... #.#.##o## * #.#.#
#.......# , , * #.#.#
#.#.##..# , , #....
#.......# , .. #....
#.#..##.# ..# #....


You could see an orc priest and an orc.

Vanquished Creatures
  9 adders
  3 worms
  A giant gecko (D:1)
  2 orcs
  6 giant cockroaches
  8 hobgoblins
  3 jackals (D:2)
  A ball python (D:2)
  3 bats
  3 giant newts
  8 goblins
  7 kobolds
  A quokka (D:3)
  7 rats
62 creatures vanquished.

Notes
Turn   | Place    | Note
--------------------------------------------------------------
     0 | D:1      | Proton the Deep Dwarf Fighter began the quest for the Orb.
     0 | D:1      | Reached XP level 1. HP: 20/20 MP: 1/1
   303 | D:1      | Reached XP level 2. HP: 27/27 MP: 2/2
   887 | D:2      | Found a faded altar to an unknown god.
   954 | D:2      | Reached XP level 3. HP: 23/34 MP: 3/3
  1009 | D:2      | Reached skill level 4 in Shields
  1046 | D:2      | Found a bloodstained altar of Trog.
  1189 | D:2      | Reached XP level 4. HP: 17/42 MP: 4/4
  1264 | D:2      | Found a basalt altar of Yredelemnul.
  1699 | D:3      | Reached XP level 5. HP: 33/49 MP: 5/5
  1812 | D:3      | Killed from afar by an orc priest

Vault maps used:
D:1:      lemuel_arrival_room
D:2:      marbit_many_paths, old_standard_altar, ecumenical_altar_1
D:3:      first_bread, nicolae_ru_the_path_less_chosen

Action                   |  1- 3 |  4- 6 || total
-------------------------+-------+-------++-------
Melee: War axe           |   121 |    95 ||   216
Throw: Tomahawk          |     4 |       ||     4
Evoke: Wand              |       |     1 ||     1
  Use: Scroll            |       |     1 ||     1
  Eat: Bread ration      |     1 |       ||     1
